AoeStats
← Black Mamba

Scandinavia

510722782Analyzed
1v1 RM · 1d ago on Oct 2, 2026· 43m 25s· 2 players
Game mode
Random Map
Map size
Tiny (2 player)
Population
200
Speed
Normal
Resources
Standard
Victory
Conquest
Starting age
Dark Age
Ending age
Imperial Age
RankedLock teamsTeams togetherTeam positionsShared explorationLock speedFull tech treeHidden civsTurbo modeCheats
Victory
Defeat
🇨🇳 Mongols · China
1450
+13
🇵🇱 Turks · Poland
1386
-13
I AM NOOB
5:01 Loom
8:56 Feudal Age
9:51 Town Watch
10:53 Double-Bit Axe
15:58 Castle Age
20:49 Bow Saw
21:48 Wheelbarrow
21:17 Fishing Lines
21:35 Pikeman
23:34 Horse Collar
24:48 Gold Mining
24:48 Stone Mining
31:21 Imperial Age
29:29 Medium Warships
30:35 Heavy Plow
31:17 Fletching
32:31 Conscription
32:37 Ballistics
32:41 Bodkin Arrow
32:47 Padded Archer Armor
33:57 Bracer
33:56 Elite Mangudai
36:33 Scale Barding Armor
36:39 Forging
37:18 Husbandry
36:39 Light Cavalry
37:37 Bloodlines
41:47 Chemistry
42:21 Chain Barding Armor
Black Mamba
8:57 Feudal Age
8:44 Loom
9:33 Double-Bit Axe
10:42 Horse Collar
12:07 Wheelbarrow
20:58 Castle Age
19:09 Scale Barding Armor
19:00 Gold Mining
20:06 Bloodlines
20:43 Forging
21:20 Fishing Lines
22:08 Husbandry
22:30 Gillnets
30:32 Imperial Age
28:28 Bow Saw
29:04 Fervor
29:11 Hand Cart
28:57 Stone Mining
31:53 Chain Barding Armor
33:12 Town Watch
34:03 Plate Barding Armor
34:47 Conscription
35:14 Fletching
36:09 Gold Shaft Mining
36:18 Bodkin Arrow
36:37 Thumb Ring
37:37 Bracer
38:57 Iron Casting
39:33 Town Patrol
40:07 Ballistics
40:45 Padded Archer Armor
41:34 Heavy Plow
43:21 Leather Archer Armor
Connection lost

Rejoining the realm…

Still unreachable

The connection could not be restored.

Session expired

The server has moved on; the page needs a fresh start.